 Dungeon Crawl Stone Soup version 0.26-a0-201-gb271ac0e06 (console) character file.

Game seed: 15505748147397966116

166 bli the Insei (level 5, -2/37 HPs)
             Began as a Merfolk Transmuter on July 5, 2020.
             Was a Follower of Elyvilon.
             Slain by a troll (6 damage)
             ... on level 6 of the Dungeon.
             The game lasted 00:07:56 (2539 turns).

bli the Insei (Merfolk Transmuter)                  Turns: 2539, Time: 00:07:56

Health: -2/37      AC:  2    Str: 11    XL:     5   Next: 47%
Magic:  6/10       EV: 14    Int: 12    God:    Elyvilon [*.....]
Gold:   104        SH:  0    Dex: 15    Spells: 7/10 levels left

rFire    . . .     SeeInvis .   i - +2 spear (flame)
rCold    . . .     Faith    .   (no shield)
rNeg     . . .     Spirit   .   b - +0 robe
rPois    .         Reflect  .   (no helmet)
rElec    .         Harm     .   (no cloak)
rCorr    .                      (no gloves)
MR       .....                  (no boots)
Stlth    +.........             (no amulet)
HPRegen  0.12/turn              (no ring)
MPRegen  0.12/turn              (no ring)

@: no status effects
A: change form in water, swift swim, stealthy swim
a: Lesser Healing, Divine Protection, Renounce Religion


You were on level 6 of the Dungeon.
You worshipped Elyvilon.
Elyvilon was aware of your devotion.
You were not hungry.

You visited 1 branch of the dungeon, and saw 4 of its levels.

You collected 104 gold pieces.

Inventory:

Hand Weapons
 i - a +2 spear of flaming (weapon)
Missiles
 a - 48 arrows
 f - 85 stones (quivered)
 g - 5 poisoned darts
Armour
 b - a +0 robe (worn)
 j - a +0 kite shield
 n - a +3 scale mail of fire resistance
 q - a +0 leather armour
 r - a +0 buckler
Scrolls
 k - 4 scrolls of fear {unknown}
 m - a scroll of blinking {unknown}
 o - 2 scrolls of amnesia {unknown}
 p - 3 scrolls of identify {unknown}
Potions
 c - a potion of brilliance {unknown}
 e - a potion of degeneration {unknown}
 h - a potion of cancellation
Comestibles
 d - a ration
 l - 8 chunks of flesh


   Skills:
 + Level 1.5 Fighting
 + Level 3.6 Dodging
 + Level 4.9 Unarmed Combat
 * Level 3.4 Spellcasting
 + Level 3.0 Transmutations


You had 7 spell levels left.
You knew the following spells:

 Your Spells              Type           Power        Failure   Level  Hunger
a - Beastly Appendage     Tmut           #.....       7%          1    #......
b - Sticks to Snakes      Tmut           #.......     11%         2    ##.....

Your spell library contained the following spells:

 Spells                   Type           Power        Failure   Level  Hunger
 Spider Form              Tmut/Pois      #.........   36%         3    ###....
 Ice Form                 Ice/Tmut       #.......     77%         4    #####..
 Blade Hands              Tmut           #.........   88%         5    ######.


Dungeon Overview and Level Annotations

Branches:
Dungeon (3/15)

Altars:
Elyvilon


Message History

You fall into a shaft and drop 3 floors!
The shaft crumbles and collapses.
A troll comes into view.
The troll shouts!
Found a stone staircase leading down.
Casting: Beastly Appendage (safe; 7% risk of failure)
Confirm with . or Enter, or press ? or * to list all spells.
You miscast Sticks to Snakes.
You are very lightly contaminated with residual magic.
Nothing appears to happen.
The troll closely misses you. The troll barely misses you.
The troll closely misses you.
Casting: Sticks to Snakes (safe; 11% risk of failure)
Confirm with . or Enter, or press ? or * to list all spells.
You create a snake!
You now have 48 arrows.
The troll bites you!! The troll claws you!
* * * LOW HITPOINT WARNING * * *
The troll claws you!
* * * LOW HITPOINT WARNING * * *
It was a potion of cancellation.
You feel magically purged.
Your magical contamination has completely faded away.
Your adder bites the troll.
The troll is poisoned.
Your adder poisons the troll!
The troll bites you.
You die...

........
......## .
....... ..
..... ... ....
... ##..# ..#
#...#..##
#.@S...#
........T.....#
#.>....#......#
#.....# #.##..#
.....# .# ..
..... .. . ....
## ....


You could see a troll (very poisoned) and a friendly adder.

Vanquished Creatures
  Jessica (D:2)
  Terence (D:2)
  3 adders (D:2)
  3 gnolls (D:2)
  3 oozes
  A worm (D:2)
  3 dart slugs
  2 leopard geckos (D:2)
  An orc (D:2)
  4 giant cockroaches
  5 goblins
  4 hobgoblins
  9 kobolds
  A quokka (D:2)
  A ball python (D:3)
  5 bats
  4 frilled lizards
  3 rats (D:1)
54 creatures vanquished.

Vanquished Creatures (collateral kills)
  A giant cockroach (D:2)
1 creature vanquished.

Grand Total: 55 creatures vanquished

Notes
Turn   | Place    | Note
-------+----------+-------------------------------------------
     0 | D:1      | bli the Merfolk Transmuter began the quest for the Orb.
     0 | D:1      | Reached XP level 1. HP: 15/15 MP: 3/3
   211 | D:1      | Reached XP level 2. HP: 21/21 MP: 1/5
   291 | D:1      | Reached skill level 4 in Unarmed Combat
   299 | D:1      | Learned a level 2 spell: Sticks to Snakes
   840 | D:1      | Reached XP level 3. HP: 25/26 MP: 4/6
  1273 | D:2      | Noticed Terence
  1285 | D:2      | Killed Terence
  1327 | D:2      | Noticed Jessica
  1398 | D:2      | Killed Jessica
  1398 | D:2      | Reached XP level 4. HP: 26/32 MP: 1/7
  1998 | D:2      | Reached XP level 5. HP: 37/37 MP: 9/9
  2107 | D:2      | Found a faded altar of an unknown god.
  2111 | D:2      | Became a worshipper of Elyvilon the Healer
  2111 | D:2      | Reached * piety under Elyvilon
  2536 | D:3      | You fall into a shaft and drop 3 floors!
  2536 | D:6      | Noticed a troll
  2539 | D:6      | Slain by a troll

Illustrated notes

Levels and vault maps discovered:
D:1:      dpeg_arrival_central, layout_basic
D:2:      layout_loops_ring, chequers_ecumenical_altar_grove, uniq_jessica,
          uniq_terence
D:3:      layout_rooms, old_standard_altar, lemuel_crystal_altar,
          minmay_fountain_box, kennysheep_doodads, st_stairs_9,
          roderic_st_hans_cross
D:6:      layout_cave_pools

Skill      XL: |  1  2  3  4  5 |
---------------+----------------+-----
Unarmed Combat | 4 |  4.9
Dodging        | 3 |  3.6
Spellcasting   | 3 |  3.4
Transmutations | 3 |  3.0
Fighting       | |  1.5

Action                   |  1- 3 |  4- 6 || total
-------------------------+-------+-------++-------
Melee: Unarmed           |    42 |       ||    42
       Headbutt          |    11 |     1 ||    12
       Spear             |    47 |    73 ||   120
       Punch             |     2 |     1 ||     3
 Cast: Beastly Appendage |    18 |     8 ||    26
       Sticks to Snakes  |     2 |     3 ||     5
  Use: Potion            |       |     1 ||     1
 Stab: Sleeping          |     2 |     2 ||     4
       Distracted        |     1 |     1 ||     2
  Eat: Chunk             |     2 |     4 ||     6
Armor: Robe              |    10 |     5 ||    15
Dodge: Dodged            |    53 |    38 ||    91

Table legend:
 A = Non-vault XP
 B = Vault XP
 C = Vault XP percentage of total XP
 D = Non-vault monster count
 E = Vault monster count
 F = Vault count percentage of total count
                 A         B        C        D         E       F
            +---------+---------+-------+---------+---------+-------
      Total |     177 |      61 |  25.6 |      50 |       5 |   9.1
            +---------+---------+-------+---------+---------+-------
        D:1 |      46 |       0 |   0.0 |      23 |       0 |   0.0
        D:2 |     130 |      58 |  30.9 |      26 |       2 |   7.1
        D:3 |       1 |       3 |  75.0 |       1 |       3 |  75.0
            +---------+---------+-------+---------+---------+-------
